 Dungeon Crawl Stone Soup version 0.26.0-8-g74fc34ddfb (webtiles) character file.

Game seed: 13984835587349482163

137 ythm the Stinger (level 5, 0/31 HPs)
             Began as an Octopode Venom Mage on Jan 12, 2021.
             Slain by an iguana (7 damage)
             ... on level 4 of the Dungeon.
             The game lasted 00:08:35 (3926 turns).

ythm the Stinger (Octopode Venom Mage)              Turns: 3926, Time: 00:08:35

Health: 0/31       AC:  1    Str:  7    XL:     5   Next: 20%
Magic:  5/8        EV: 13    Int: 18    God:
Gold:   195        SH:  0    Dex: 13    Spells: 7/8 levels left

rFire    . . .     SeeInvis .   a - +0 whip (curse)
rCold    . . .     Faith    .   (no shield)
rNeg     . . .     Spirit   .   (helmet restricted)
rPois    .         Reflect  .   (no amulet)
rElec    .         Harm     .   m - ring of willpower
rCorr    .         Rampage  .   (no ring)
Will     +....                  (no ring)
Stlth    +++.......             (no ring)
HPRegen  0.10/turn              (no ring)
MPRegen  0.11/turn              (no ring)
                                (no ring)
                                (no ring)

@: no status effects
A: almost no armour, stealthy swim, amphibious, 8 rings, constrict 8, camouflage
1, gelatinous body 1
a: no special abilities


You were on level 4 of the Dungeon.
You visited 1 branch of the dungeon, and saw 4 of its levels.

You collected 195 gold pieces.

Inventory:

Hand Weapons
 a - a cursed +0 whip (weapon)
 l - a +0 short sword
Missiles
 b - 2 boomerangs of dispersal
 g - 41 poisoned darts (quivered)
Armour
 j - a +0 buckler
Jewellery
 m - a ring of willpower (left tentacle)
Wands
 q - a wand of iceblast (7)
Scrolls
 c - 2 scrolls of identify {unknown}
 d - a scroll of teleportation {unknown}
 e - 2 scrolls of immolation {unknown}
 f - 4 scrolls of magic mapping {unknown}
 h - 2 scrolls of enchant weapon {unknown}
 k - a scroll of noise {unknown}
 p - a scroll of enchant armour {unknown}
Potions
 i - 2 potions of heal wounds {unknown}
 n - a potion of resistance {unknown}
 o - a potion of brilliance {unknown}


   Skills:
 - Level 2.0 Dodging
 - Level 2.6 Stealth
 + Level 2.1 Shields
 - Level 2.0 Spellcasting
 - Level 1.0 Transmutations
 + Level 6.2 Poison Magic


You had 7 spell levels left.
You knew the following spells:

 Your Spells              Type           Power        Failure   Level
a - Sting                 Tmut/Pois      56%          4%          1

Your spell library contained the following spells:

 Spells                   Type           Power        Failure   Level
 Poisonous Vapours        Pois/Air       26%          8%          2
 Olgreb's Toxic Radiance  Pois           24%          14%         4
 Ignite Poison            Fire/Tmut/Pois 10%          21%         3
 Mephitic Cloud           Conj/Pois/Air  9%           22%         3


Dungeon Overview and Level Annotations

Branches:
Dungeon (4/15)
 Temple: D:4-7

Altars:
Yredelemnul


Innate Abilities, Weirdness & Mutations

You cannot wear most types of armour.
You are very stealthy in the water. (Stealth+)
You are amphibious.
You can wear up to eight rings at the same time.
You can use your tentacles to constrict eight enemies at once.
Your skin changes colour to match your surroundings (Stealth+).
Your rubbery body absorbs attacks. (AC +1, EV +1)


Message History

The iguana bites you but does no damage.
You hit the iguana.
You squeeze the iguana, but do no damage.
The iguana is heavily wounded.
You constrict the iguana. The iguana bites you!
You hit the iguana but do no damage.
The iguana is severely wounded.
You constrict the iguana, but do no damage.
The iguana bites you.
* * * LOW HITPOINT WARNING * * *
Casting: Sting (safe; 4% risk of failure)
Confirm with . or Enter, or press ? or * to list all spells.
Aiming: Sting (safe; 4% risk of failure)
Press: ? - help, Shift-Dir - straight line, f/p - iguana
Aim: an iguana (severely wounded, constricted by you, very poisoned, 0% to evade)
The sting hits the iguana but does no damage.
The iguana looks even sicker.
The iguana is severely wounded.
You constrict the iguana. The iguana bites you!
You die...

#............
#............
#............
#............
#............
#............
#............
#....@l..(..(
###......####
#.##################
#...................
####################


You could see an iguana (very poisoned).

Vanquished Creatures
  5 adders
  2 oozes
  A worm (D:2)
  4 dart slugs
  3 leopard geckos
  An orc (D:3)
  4 giant cockroaches
  4 hobgoblins
  13 jackals
  A quokka (D:2)
  7 bats
  7 frilled lizards
  5 goblins
  4 kobolds
  7 rats
  A spectral orc (D:3)
69 creatures vanquished.

Notes
Turn   | Place    | Note
-------+----------+-------------------------------------------
     0 | D:1      | ythm the Octopode Venom Mage began the quest for the Orb.
     0 | D:1      | Reached XP level 1. HP: 11/11 MP: 3/3
   264 | D:1      | Reached skill level 4 in Poison Magic
   329 | D:1      | Reached XP level 2. HP: 15/17 MP: 0/5
   985 | D:1      | Reached XP level 3. HP: 21/21 MP: 3/6
  1116 | D:1      | Reached skill level 5 in Poison Magic
  2639 | D:2      | Reached XP level 4. HP: 27/27 MP: 4/7
  2691 | D:2      | Reached skill level 1 in Shields
  3030 | D:3      | Reached skill level 6 in Poison Magic
  3513 | D:3      | Found a basalt altar of Yredelemnul.
  3605 | D:3      | Reached XP level 5. HP: 31/31 MP: 5/8
  3926 | D:4      | Slain by an iguana

Illustrated notes

Levels and vault maps discovered:
D:1:      dpeg_arrival_rhombus, layout_loops_cross
D:2:      layout_basic
D:3:      layout_loops_ring, yredelemnul_forgotten_temple_becter
D:4:      layout_basic, minmay_temple_entry_antechambers, lemuel_altar_in_water2

Skill      XL: |  1  2  3  4  5 |
---------------+----------------+-----
Poison Magic   | 4 5 6 |  6.2
Shields        | 1 2 |  2.1
Dodging        | |  2.0
Stealth        | |  2.6
Spellcasting   | |  2.0
Transmutations | |  1.0

Action                   |  1- 3 |  4- 6 || total
-------------------------+-------+-------++-------
Melee: Unarmed           |    37 |    20 ||    57
       Constrict         |     7 |    15 ||    22
       Tentacles         |     4 |    13 ||    17
       Whip              |       |    30 ||    30
Throw: Dart              |     1 |     6 ||     7
 Cast: Sting             |    55 |    35 ||    90
 Stab: Distracted        |       |     1 ||     1
Armor: Skin              |     2 |     6 ||     8
Dodge: Dodged            |    34 |    35 ||    69
